 Dungeon Crawl Stone Soup version 0.29.0-4-gdea44cf6ec (webtiles) character file.

Game seed: 18336510067315514181

67 qw the Chopper (level 4, -1/26 HPs)
             Began as a Tengu Warper on Aug 28, 2022.
             Slain by Natasha (8 damage)
             ... on level 2 of the Dungeon.
             The game lasted 00:00:08 (2165 turns).

qw the Chopper (Tengu Warper)                       Turns: 2165, Time: 00:00:09

Health: -1/26      AC:  9    Str: 13      XL:     4   Next: 16%
Magic:  8/8        EV:  6    Int: 12 (13) God:
Gold:   65         SH:  0    Dex: 14      Spells: 7/7 levels left

rFire   . . .      SeeInvis .   a - +0 hand axe
rCold   . . .      Faith    .   (no shield)
rNeg    . . .      Spirit   .   g - +0 chain mail
rPois   .          Reflect  .   (helmet restricted)
rElec   .          Harm     .   (no cloak)
rCorr   .          Rampage  .   l - +0 pair of gloves
Will    .....                   (boots unavailable)
Stlth   ..........              (no amulet)
HPRegen 0.08/turn               (no ring)
MPRegen 0.11/turn               (no ring)

@: no status effects
A: beak, talons 3
a: no special abilities


You were on level 2 of the Dungeon.
You visited 1 branch of the dungeon, and saw 2 of its levels.

You collected 65 gold pieces.


Innate Abilities, Weirdness & Mutations

You have a beak for a mouth.
You have claws for feet.


   Skills:
 - Level 2.0 Fighting
 + Level 4.7 Axes
 - Level 1.0 Throwing
 - Level 1.1 Armour
 - Level 2.1 Dodging
 - Level 2.0 Spellcasting
 - Level 2.4 Translocations


You had 7 spell levels left.
You didn't know any spells.
Your spell library contained the following spells:

 Spells                   Type           Power      Damage    Failure   Level
 Blink                    Tloc           12%        N/A       99%         2
 Gell's Gravitas          Tloc           6%         N/A       100%        3
 Lesser Beckoning         Tloc           6%         N/A       100%        3
 Teleport Other           Tloc           6%         N/A       100%        3
 Manifold Assault         Tloc           6%         N/A       100%        5

Inventory:

Hand Weapons
 a - a +0 hand axe (weapon)
 i - a +0 mace
Missiles
 k - 2 javelins (quivered)
Armour
 g - a +0 chain mail (worn)
 l - a +0 pair of gloves (worn)
Jewellery
 c - a ring of resist corrosion
 f - a ring of ice
Scrolls
 b - 3 scrolls of silence {unknown}
Potions
 d - a potion of heal wounds {unknown}
 e - a potion of attraction {unknown}
 h - a potion of resistance {unknown}
 j - a potion of curing

Dungeon Overview and Level Annotations

Branches:
Dungeon (2/15)

Altars:

Annotations:
D:2 Natasha


Message History

The bat hits you. The bat hits you but does no damage.
You hit the bat.
You kill the bat!
You start resting.
HP restored.
You enter the shallow water.
Moving in this stuff is going to be slow.
You enter the shallow water.
Moving in this stuff is going to be slow.
You enter the shallow water.
Moving in this stuff is going to be slow.
A rat comes into view.
The rat moves out of view.
Enter note: You hit the rat but do no damage.
The rat barely misses you. The rat bites you but does no damage.
You hit the rat.
You kill the rat!
Natasha, Servant of Life and Death comes into view.
Natasha hisses angrily.
Natasha mumbles some strange words.
You hit the crimson imp. Your peck misses the crimson imp.
The crimson imp is heavily wounded.
Natasha mumbles some strange words.
The crimson imp completely misses you.
You hit the crimson imp. Your kick misses the crimson imp.
The crimson imp is almost dead.
The crimson imp blinks!
You hit the shadow imp. You peck the shadow imp.
The shadow imp is severely wounded.
The shadow imp hits you. Natasha claws you.
You hit the shadow imp. Your kick misses the shadow imp.
The shadow imp is almost dead.
You hit Natasha but do no damage.
The crimson imp blinks!
The shadow imp gestures at you. Pain shoots through your body!
Ouch! That really hurt!
Natasha claws you!
You die...

#.# #.##~~~~...... #.#
#.#..~~.7~7~~.
##.####...~~~~#7.7.~
#.........~~7..~~..~
.####..#######~.#.~.#~~~
........ยค## #~.#~~~#.~.
#.###.....## ##~#~.~#..#
.##.......#########...##
#.#.......h@................
#.
#..........5..#########.####
##.###............## .
...........5....... #
#..##........#.#####
............##.
....#..#....##.
............##.
......%#...###.#


You could see Natasha, a crimson imp (summoned) and a shadow imp (summoned).

Vanquished Creatures
  Natasha (D:2)
  An adder (D:2)
  A worm (D:2)
  A dart slug (D:1)
  3 ball pythons
  3 endoplasms (D:1)
  4 goblins
  3 hobgoblins
  A quokka (D:2)
  2 bats (D:2)
  2 frilled lizards (D:1)
  2 kobolds (D:1)
  4 rats (D:2)
28 creatures vanquished.

Notes
Turn   | Place    | Note
-------+----------+-------------------------------------------
     0 | D:1      | qw the Tengu Warper began the quest for the Orb.
     0 | D:1      | Reached XP level 1. HP: 12/12 MP: 4/4
     0 | D:1      | 0 ||| qw: Version: 0.1-a-89-g26bdef1
     0 | D:1      | 0 ||| qw: Game counter: 2703
     0 | D:1      | 0 ||| qw: Always use a shield: true
     0 | D:1      | 0 ||| qw: God list: Okawaru
     0 | D:1      | 0 ||| qw: Allow faded altars: false
     0 | D:1      | 0 ||| qw: Do Orc after D:15 true
     0 | D:1      | 0 ||| qw: Do second Lair branch before Depths: true
     0 | D:1      | 0 ||| qw: Lair rune preference: random
     0 | D:1      | 0 ||| qw: Plans: Normal
     0 | D:1      | 0 ||| PLANNING D:1-11
   133 | D:1      | 133 ||| Stepping ~*~*~tactically~*~*~ (hiding).
   482 | D:1      | Reached XP level 2. HP: 17/17 MP: 6/6
   496 | D:1      | Reached skill level 3 in Axes
   541 | D:1      | 541 ||| DROPPING +0 club.
   944 | D:1      | 944 ||| Stepping ~*~*~tactically~*~*~ (stealth).
   946 | D:1      | 946 ||| Stepping ~*~*~tactically~*~*~ (stealth).
  1253 | D:1      | 1253 ||| UPGRADING to +0 chain mail.
  1263 | D:1      | 1263 ||| DROPPING +0 leather armour.
  1264 | D:1      | 1264 ||| UPGRADING to +0 pair of gloves.
  1269 | D:1      | 1269 ||| DRINKING 2 fizzy amethyst potions.
  1270 | D:1      | 1270 ||| DRINKING 2 viscous dark potions.
  1271 | D:1      | 1271 ||| DROPPING scroll of blinking.
  1272 | D:1      | 1272 ||| DROPPING potion of degeneration.
  1447 | D:2      | Reached XP level 3. HP: 21/21 MP: 7/7
  1455 | D:2      | Reached skill level 4 in Axes
  1497 | D:2      | 1497 ||| Stepping ~*~*~tactically~*~*~ (stealth).
  1640 | D:2      | Noticed Natasha
  1641 | D:2      | 1641 ||| Stepping ~*~*~tactically~*~*~ (hiding).
  1648 | D:2      | HP: 5/21 [Natasha/magic dart (6)]
  1653 | D:2      | Killed Natasha
  1654 | D:2      | Reached XP level 4. HP: 4/26 MP: 8/8
  2021 | D:2      | Found a faded altar of an unknown god.
  2159 | D:2      | Noticed Natasha
  2165 | D:2      | Slain by Natasha

Levels and vault maps discovered:
D:1:      dpeg_arrival_three_same_balls, layout_basic, minmay_misc_feat_columns,
          nrook_uturn, supply_closet_lemuel
D:2:      layout_loops_ring, ebering_ecumenical_altar_box,
          chequers_serial_rivers_marsh, uniq_natasha

Skill      XL: |  1  2  3 |
---------------+----------+-----
Axes           | 3 4 |  4.7
Fighting       | |  2.0
Throwing       | |  1.0
Armour         | |  1.1
Dodging        | |  2.1
Spellcasting   | |  2.0
Translocations | |  2.4

Action                   |  1- 3 |  4- 6 || total
-------------------------+-------+-------++-------
Melee: Hand axe          |    49 |    13 ||    62
       Peck              |     7 |     1 ||     8
       Kick              |     8 |       ||     8
Throw: Boomerang         |     7 |       ||     7
       Javelin           |    18 |     4 ||    22
  Use: Potion            |     2 |       ||     2
Armor: Chain mail        |    22 |    14 ||    36
Dodge: Dodged            |    19 |     9 ||    28

Table legend:
 A = Non-vault XP
 B = Vault XP
 C = Vault XP percentage of total XP
 D = Non-vault monster count
 E = Vault monster count
 F = Vault count percentage of total count
                 A         B        C        D         E       F
            +---------+---------+-------+---------+---------+-------
      Total |      61 |      35 |  36.5 |      27 |       1 |   3.6
            +---------+---------+-------+---------+---------+-------
        D:1 |      27 |       0 |   0.0 |      14 |       0 |   0.0
        D:2 |      34 |      35 |  50.7 |      13 |       1 |   7.1
            +---------+---------+-------+---------+---------+-------
